 Dungeon Crawl Stone Soup version 0.32-a0-705-g60f233581c (webtiles) character file.

Game seed: 11412413459063841573

2992 BeKind the Ducker (level 9, -5/70 HPs)
             Began as an Octopode Shapeshifter on Mar 14, 2024.
             Was an Initiate of Gozag.
             Slain by a yak (8 damage)
             ... on level 8 of the Dungeon.
             The game lasted 00:10:13 (7293 turns).

BeKind the Ducker (Octopode Shapeshifter)           Turns: 7293, Time: 00:10:13

Health: -5/70      AC:  3    Str: 13    XL:     9   Next: 83%
Magic:  13/13      EV: 20    Int: 12    God:    Gozag
Gold:   577        SH:  0    Dex: 16    Spells: 11/14 levels left

rFire   . .          .
                       - Unarmed
rCold   + . .        (shield currently unavailable)
rNeg    . . .        (helmet restricted)
rPois   .            (no amulet)
rElec   .            (no ring)
rCorr   .            (no ring)
SInv    .            (no ring)
Will    .....        (no ring)
Stlth   +            (no ring)
HPRegen 0.31/turn    (no ring)
MPRegen 0.13/turn    (no ring)
                     (no ring)

%: no passive effects
@: flux-form, gold aura, hasted, glowing, studying Alchemy, very quick
A: glow, contaminating, almost no armour, amphibious, 8 rings, camouflage 1,
gelatinous body 1, (nimble swimmer 1), tentacles, iridescent scales 1, cold
resistance 1, robust 1
a: Begin Untransformation, Renounce Religion, Potion Petition, Call Merchant,
Bribe Branch


You were on level 8 of the Dungeon.
You worshipped Gozag.
Gozag was pleased with you.
You were something dangerously unstable.
You visited 2 branches of the dungeon, and saw 9 of its levels.

You collected 677 gold pieces.
You paid 100 gold pieces to Gozag.

Inventory:

Hand Weapons
 h - the +7 great mace "Undeadhunter" {deathbane, rN+}
   (You found it on level 2 of the Dungeon)

   rN+:       It protects you from negative energy.
 t - the +1 flail of Past Mistakes {venom, Will+ Str+3 SInv}
   (You found it on level 6 of the Dungeon)

   Str+3:     It affects your strength (+3).
   Will+:     It increases your willpower.
   SInv:      It lets you see invisible.
Missiles
 o - a throwing net (quivered)
Armour
 p - a +0 animal skin
Talismans
 b - a beast talisman
 c - a flux talisman (active)
Scrolls
 a - 2 scrolls of brand weapon {unknown}
 f - 6 scrolls of teleportation
 g - 2 scrolls of vulnerability
 i - 11 scrolls of identify {unknown}
 j - 4 scrolls of blinking {unknown}
 k - a scroll of enchant weapon {unknown}
 l - a scroll of revelation {unknown}
 m - 2 scrolls of butterflies
 n - a scroll of enchant armour {unknown}
 q - 4 scrolls of fog {unknown}
 s - 3 scrolls of immolation {unknown}
Potions
 d - 4 potions of curing
 e - a potion of mutation
 r - 2 potions of degeneration
 v - a potion of resistance {unknown}


   Skills:
 + Level 7.1 Fighting
 + Level 7.3 Dodging
 - Level 3.0 Unarmed Combat
 + Level 3.2 Spellcasting
 + Level 3.5 Air Magic
 + Level 7.1 Shapeshifting


You had 11 spell levels left.
You knew the following spells:

 Your Spells              Type           Power      Damage    Failure   Level
a - Swiftness             Air            10%        N/A       17%         3

Your spell library contained the following spells:

 Spells                   Type           Power      Damage    Failure   Level
 Shock                    Conj/Air       24%        1d4       12%         1
 Airstrike                Air            5%         2d(1-17)  50%         4


Dungeon Overview and Level Annotations

Branches:
Dungeon (8/15)             Temple (1/1) D:6
   Lair: D:8-11

Altars:
Ashenzari
Cheibriados
Dithmenos
Elyvilon
Fedhas
Gozag
Hepliaklqana
Kikubaaqudgha
Makhleb
Nemelex Xobeh
Okawaru
Qazlal
Ru
Sif Muna
Trog
Uskayaw
Wu Jian
Xom
Yredelemnul
Zin
The Shining One

Annotations:
D:3 2 transporters, zenocrate's ghost, weakling TrEE
D:6 1 runed translucent door


Innate Abilities, Weirdness & Mutations

You are something dangerously unstable.
You glow with magical radiation, making you easy to see and hit.
Foes you strike become dangerously contaminated with magical radiation.
You are incapable of wielding weapons or throwing items.
You cannot wear most types of armour.
You are amphibious.
You can wear up to eight rings at the same time.
Your skin changes colour to match your surroundings (Stealth+).
Your rubbery body absorbs attacks. (AC +1, EV +1)
((You are camouflaged when in or above water. (Stealth+)))
You have tentacles for arms and can constrict up to eight enemies at once.
You are partially covered in iridescent scales. (AC +2)
Your flesh is cold resistant. (rC+)
You are robust. (+10% HP)


Message History

The yak attacks as it pursues you! The yak gores you!
* * * LOW HITPOINT WARNING * * *
There is an open door here.
You see here a +0 flail.
It was a potion of haste.
You feel yourself speed up.
The yak stops glowing.
The yak completely misses you.
You tentacle-slap the yak but do no damage.
The yak begins to glow.
You squeeze the yak.
The yak is lightly wounded.
You tentacle-slap the yak but do no damage.
The yak glows dangerously bright.
The yak is lightly wounded.
The yak gores you but does no damage.
You tentacle-slap the yak.
The yak shudders as magic cascades through it.
The yak twists and deforms.
You squeeze the yak.
The yak is moderately wounded.
You tentacle-slap the yak.
The yak begins to glow.
You squeeze the yak!
The yak is severely wounded.
The yak gores you!
* * * LOW HITPOINT WARNING * * *
You tentacle-slap the yak.
The yak glows dangerously bright.
The yak is severely wounded.
The yak barely misses you.
You tentacle-slap the yak.
The yak shudders as magic cascades through it.
The yak twists and deforms.
Your squeeze misses the yak.
The yak is almost dead.
You tentacle-slap the yak.
You kill the yak!
You barely miss the yak.
The yak is severely wounded.
You barely miss the yak.
The yak is severely wounded.
The yak closely misses you.
You tentacle-slap the yak.
The yak begins to glow.
You squeeze the yak.
The yak is severely wounded.
The yak gores you!
You die...
Your body crumbles into a pile of gold.

#......# #......#
#......# ####......#
####...........
#.....#......##
#.....########
##########.....#######
#..)....pYY..>........
#.########....)#####..
#.# ####### #)# #.#
#.# #.# #.# #.#


You could see 2 yaks.

Vanquished Creatures
  The ghost of Posi the Shooter, a novice CoHu (D:4)
  A yak (D:8)
  A vampire mosquito (D:8)
  Duvessa (D:5)
  An orc warrior (D:8)
  An ice beast (D:5)
  2 black bears (D:7)
  An ogre (D:6)
  A phantom (D:4)
  A kobold brigand (D:6)
  2 bullfrogs
  A gnoll sergeant (D:5)
  11 scorpions
  Dowan (D:5)
  A killer bee (D:6)
  2 howler monkeys
  3 bombardier beetles
  A jelly (D:5)
  2 orc priests (D:8)
  3 hounds (D:6)
  A sleepcap (D:7)
  2 iguanas
  2 orc wizards (D:6)
  Robin (D:3)
  8 gnolls
  5 adders
  2 shadow imps
  3 white imps
  4 ribbon worms
  A dart slug (D:5)
  27 orcs
  9 ball pythons (D:1)
  7 bats
  4 endoplasms
  6 giant cockroaches
  12 goblins
  9 hobgoblins
  5 jackals
  3 quokkas
  3 frilled lizards
  8 kobolds
  3 rats (D:1)
163 creatures vanquished.

Vanquished Creatures (others)
  A kobold (D:3)
1 creature vanquished.

Grand Total: 164 creatures vanquished

Notes
Turn   | Place    | Note
-------+----------+-------------------------------------------
     0 | D:1      | BeKind the Octopode Shapeshifter began the quest for the
                  | Orb.
     0 | D:1      | Reached XP level 1. HP: 13/13 MP: 1/1
   107 | D:1      | Reached XP level 2. HP: 18/18 MP: 2/2
   492 | D:1      | Reached XP level 3. HP: 24/24 MP: 3/3
   820 | D:2      | Found the +7 great mace "Undeadhunter" {deathbane, rN+}
  1533 | D:3      | Reached XP level 4. HP: 20/29 MP: 4/4
  1820 | D:3      | Found a transporter.
  1823 | D:3      | Noticed zenocrate's ghost (weakling TrEE)
  1824 | D:3      | Found a transporter.
  1874 | D:3      | Noticed Robin
  1877 | D:3      | Reached XP level 5. HP: 34/35 MP: 5/5
  1890 | D:3      | Killed Robin
  1982 | D:3      | Found a bloodstained altar of Trog.
  2357 | D:4      | Noticed Posi's ghost (novice CoHu)
  2397 | D:4      | Found a runed translucent door.
  2455 | D:4      | Found a sacrificial altar of Ru.
  2868 | D:4      | Gained mutation: Your flesh is cold resistant. (rC+)
                  | [potion of mutation]
  2868 | D:4      | Gained mutation: You are partially covered in iridescent
                  | scales. (AC +2) [potion of mutation]
  2868 | D:4      | Gained mutation: You are robust. (+10% HP) [potion of
                  | mutation]
  2923 | D:4      | Killed Posi's ghost
  2924 | D:4      | Reached XP level 6. HP: 47/47 MP: 6/6
  2924 | D:4      | Reached XP level 7. HP: 52/52 MP: 7/7
  2949 | D:5      | Entered Level 5 of the Dungeon
  2985 | D:5      | Reached skill level 5 in Shapeshifting
  3534 | D:4      | Reached skill level 5 in Dodging
  4130 | D:6      | Reached skill level 5 in Fighting
  4149 | D:6      | Found a staircase to the Ecumenical Temple.
  4157 | D:6      | Reached XP level 8. HP: 60/60 MP: 8/8
  4174 | Temple   | Entered the Ecumenical Temple
  4183 | Temple   | Became a worshipper of Gozag Ym Sagoz the Greedy
  4746 | D:6      | Found a runed translucent door.
  4748 | D:6      | Found a runed translucent door.
  4783 | D:6      | Identified the +1 flail of Past Mistakes {venom, Will+
                  | Str+3 SInv}
  4894 | D:6      | Learned a level 3 spell: Swiftness
  5013 | D:5      | Noticed Dowan
  5015 | D:5      | Noticed Duvessa
  5025 | D:5      | Killed Duvessa
  5034 | D:5      | Reached skill level 1 in Air Magic
  5036 | D:5      | Killed Dowan
  5037 | D:5      | Reached skill level 1 in Spellcasting
  5478 | D:5      | Reached XP level 9. HP: 45/68 MP: 9/11
  6126 | D:6      | Identified the +0 morningstar "Z" {venom, Will+ Int+4}
  6468 | D:7      | Found an iron altar of Okawaru.
  6477 | D:7      | Found an ancient bone altar of Kikubaaqudgha.
  7287 | D:8      | HP: 2/70 [yak (8)]
  7293 | D:8      | Slain by a yak

Illustrated notes

Levels and vault maps discovered:
D:1:      heliophobic_arrival_henge, layout_basic
D:2:      layout_basic, glass_columns_c, due_unseen_surprise
D:3:      layout_loops_ring, trog_hazing_becter, gammafunk_ghost_mausoleum,
          amcnicky_mini_corridor_feature, uniq_robin
D:4:      layout_loops_cross, mainiacjoe_overflow_brackets,
          hellmonk_ghost_happy_afterlife, minivault_1,
          dreamdust_princess_corridor, feat_on_display
D:5:      layout_basic, uniq_duvessa
D:6:      lemuel_insect_pit, layout_rooms, minmay_temple_entry_large_hall
D:7:      layout_basic, mainiacjoe_overflow_catch_the_wave,
          corexii_hall_statues_i
D:8:      layout_basic, roderic_batcave, minmay_manual_mess
Temple:   sentei_temple_godly_chess

Skill      XL: |  1  2  3  4  5  6  7  8  9 |
---------------+----------------------------+-----
Fighting       | 2 4 5 6 7 |  7.1
Dodging        | 3 4 5 6 7 |  7.3
Shapeshifting  | 4 5 6 7 |  7.1
Air Magic      | 1 3 |  3.5
Spellcasting   | 1 3 |  3.2
Unarmed Combat | |  3.0

Action                     |  1- 3 |  4- 6 |  7- 9 || total
---------------------------+-------+-------+-------++-------
  Melee: Unarmed           |    76 |    66 |   245 ||   387
         Constrict         |    22 |    21 |    68 ||   111
         Tentacles         |    21 |    18 |    68 ||   107
         Punch             |     3 |     2 |     8 ||    13
  Throw: Throwing net      |       |       |     1 ||     1
    Use: Potion            |       |     6 |     4 ||    10
         Scroll            |       |       |     3 ||     3
   Stab: Sleeping          |     9 |     8 |     4 ||    21
         Distracted        |       |       |     2 ||     2
 Armour: Skin              |    37 |    32 |   132 ||   201
  Dodge: Dodged            |    49 |    26 |   160 ||   235
         Form:             |     1 |       |       ||     1
         Beast             |       |       |     1 ||     1
         Flux              |       |       |     1 ||     1

Table legend: (Time is in decaauts)
 A = Elapsed time spent in this place.
 B = Non-inter-level travel time spent in this place.
 C = Inter-level travel time spent in this place.
 D = Time resting spent in this place.
 E = Time spent auto-exploring this place.
 F = Levels seen in this place.
 G = Mean time per level.
                   A        B        C        D        E       F      G
               +--------+--------+--------+--------+--------+-----+--------+
         Total |   7279 |   6863 |    416 |   1434 |   4347 |   9 |  808.8 |
       Dungeon |   7260 |   6860 |    400 |   1434 |   4347 |   8 |  907.5 |
        Temple |     18 |      2 |     16 |      0 |      0 |   1 |   18.0 |
               +--------+--------+--------+--------+--------+-----+--------+

Top non-repeatable levels by time:
     D:6: 1452 daAuts
     D:5: 1441 daAuts
     D:4: 1023 daAuts
     D:7: 927 daAuts
     D:3: 878 daAuts
     D:1: 719 daAuts
     D:2: 627 daAuts
     D:8: 188 daAuts
  Temple: 18 daAuts
